 Dungeon Crawl Stone Soup version 0.28.0-49-g6dfe1f597d (webtiles) character file.

Game seed: 16595905730420568643

205 Zeld the Conjurer (level 5, -1/42 HPs)
             Began as a Draconian Conjurer on May 17, 2022.
             Slain by a phantom (8 damage)
             ... on level 4 of the Dungeon.
             The game lasted 00:04:53 (3756 turns).

Zeld the Conjurer (Draconian Conjurer)              Turns: 3756, Time: 00:04:53

Health: -1/42      AC:  7    Str:  9    XL:     5   Next: 53%
Magic:  0/9        EV: 12    Int: 20    God:
Gold:   210        SH:  0    Dex: 10    Spells: 7/10 levels left

rFire   . . .      SeeInvis .   c - +2 mace (holy)
rCold   + . .      Faith    .   (no shield)
rNeg    . . .      Spirit   .   (armour unavailable)
rPois   .          Reflect  .   (helmet restricted)
rElec   .          Harm     .   n - +0 cloak
rCorr   .          Rampage  .   k - +0 pair of gloves
Will    .....                   (no boots)
Stlth   ++........              (no amulet)
HPRegen 0.14/turn               m - ring of protection from cold
MPRegen 0.11/turn               (no ring)

@: no status effects
A: AC +5, unfitting armour, cold-blooded
a: no special abilities


You were on level 4 of the Dungeon.
You visited 1 branch of the dungeon, and saw 4 of its levels.

You collected 210 gold pieces.

Inventory:

Hand Weapons
 c - a +2 mace of holy wrath (weapon)
Armour
 k - a +0 pair of gloves (worn)
 n - a +0 cloak (worn)
Jewellery
 m - a ring of protection from cold (left hand)
Scrolls
 d - a scroll of enchant armour {unknown}
 g - 4 scrolls of teleportation {unknown}
 h - a scroll of vulnerability {unknown}
 l - a scroll of identify {unknown}
Potions
 a - a potion of invisibility {unknown}
 b - a potion of resistance {unknown}
 e - a potion of mutation {unknown}
 f - 3 potions of heal wounds {unknown}
 i - a potion of curing {unknown}
 j - a potion of brilliance {unknown}


   Skills:
 * Level 2.6 Fighting
 + Level 2.4 Dodging
 + Level 2.5 Stealth
 * Level 3.1 Spellcasting
 * Level 4.9 Conjurations


You had 7 spell levels left.
You knew the following spells:

 Your Spells              Type           Power      Damage    Failure   Level
a - Magic Dart            Conj           88%        1d7       1%          1
b - Searing Ray           Conj           44%        2d6       2%          2

Your spell library contained the following spells:

 Spells                   Type           Power      Damage    Failure   Level
 Dazzling Flash           Conj/Hex       26%        N/A       16%         3
 Call Imp                 Summ           3%         N/A       22%         2
 Ensorcelled Hibernation  Hex/Ice        6%         N/A       22%         2
 Passwall                 Tmut/Erth      2%         N/A       22%         2
 Mephitic Cloud           Conj/Pois/Air  9%         N/A       22%         3
 Frozen Ramparts          Ice            6%         1d2       38%         3
 Swiftness                Air            3%         N/A       38%         3
 Fulminant Prism          Conj/Hex       6%         3d7       45%         4
 Iskenderun's Mystic Bla  Conj/Tloc      13%        2d5       45%         4
 Ice Form                 Ice/Tmut       3%         N/A       80%         4
 Summon Ice Beast         Ice/Summ       3%         N/A       80%         4
 Summon Mana Viper        Hex/Summ       3%         N/A       98%         5
 Monstrous Menagerie      Summ           1%         N/A       100%        7


Dungeon Overview and Level Annotations

Branches:
Dungeon (4/15)
 Temple: D:4-7

Altars:
Makhleb

Shops:
D:4 *


Innate Abilities, Weirdness & Mutations

Your plain brown scales are hard. (AC +5)
You cannot fit into any form of body armour.
You are cold-blooded and may be slowed by cold attacks.


Message History

You feel sick.
You are no longer poisoned.
The adder barely misses you. The ball python completely misses you.
The ball python barely misses you. The adder barely misses you.
The ball python barely misses you. The ball python grabs you.
The ball python constricts you. The adder bites you but does no damage.
You escape the ball python's grasp.
The scorpion barely misses you.
There is an open door here.
Casting: Magic Dart (safe; 1% risk of failure)
Confirm with . or Enter, or press ? or * to list all spells.
Aiming: Magic Dart (safe; 1% risk of failure)
Press: ? - help, Shift-Dir - straight line, f/p - scorpion
Aim: a scorpion (severely wounded, 100% to hit)
The magic dart hits the scorpion.
You kill the scorpion!
Your Spellcasting skill increases to level 3!
Unknown command.
Unknown command.
Found 8 gold pieces.
You hit the adder.
Your tail-slap misses the adder.
The adder is severely wounded.
The adder closely misses you. x2
You closely miss the adder.
The adder is severely wounded.
The adder misses you. The adder barely misses you.
You closely miss the adder.
The adder is severely wounded.
The adder bites you but does no damage.
Casting: Magic Dart (safe; 1% risk of failure)
Confirm with . or Enter, or press ? or * to list all spells.
Aiming: Magic Dart (safe; 1% risk of failure)
Press: ? - help, Shift-Dir - straight line, f - adder
Aim: an adder (severely wounded, 100% to hit)
The magic dart hits the adder.
You kill the adder!
Unknown command.
An adder comes into view.
You miss the phantom. The phantom hits you!
You die...

#†#
.
#.#
#.#
#.#
#.#
#S#
#S#
#W#
#@#
#.#
#.#
#$#
#.#
#S#
#.#
#..


You could see a phantom, an adder and 2 ball pythons.

Vanquished Creatures
  A scorpion (D:4)
  4 adders
  3 gnolls (D:3)
  An ufetubus (D:4)
  A worm (D:2)
  A dart slug (D:2)
  6 orcs
  6 ball pythons
  5 bats
  7 endoplasms
  3 giant cockroaches
  8 goblins
  4 hobgoblins
  A jackal (D:2)
  5 kobolds
  2 quokkas
  5 frilled lizards
  A rat (D:2)
64 creatures vanquished.

Notes
Turn   | Place    | Note
-------+----------+-------------------------------------------
     0 | D:1      | Zeld the Draconian Conjurer began the quest for the Orb.
     0 | D:1      | Reached XP level 1. HP: 14/14 MP: 3/3
   206 | D:1      | Reached XP level 2. HP: 16/22 MP: 5/5
   233 | D:1      | Learned a level 2 spell: Searing Ray
   517 | D:1      | Reached skill level 1 in Fighting
  1156 | D:2      | Found a burning altar of Makhleb.
  1273 | D:2      | Found a faded altar of an unknown god.
  1386 | D:2      | Reached XP level 3. HP: 23/28 MP: 6/6
  2371 | D:3      | Reached XP level 4. HP: 15/36 MP: 7/7
  3717 | D:4      | Noticed a phantom
  3717 | D:4      | Noticed a scorpion
  3721 | D:4      | Reached XP level 5. HP: 40/41 MP: 4/9
  3724 | D:4      | Found Uzux's Serpentskin Sales.
  3756 | D:4      | Slain by a phantom

Illustrated notes

Levels and vault maps discovered:
D:1:      heliophobic_arrival_glass_houses, layout_loops_ring
D:2:      minmay_chambers_of_twos, layout_loops_ring,
          shapermc_ecumenical_altar_totnotflames, basic_altar
D:3:      layout_basic
D:4:      layout_basic, nemelex_spade_bored_becter,
          nicolae_hepliaklqana_monster_ancestors,
          minmay_temple_entry_proselytizer, serial_shops, shop,
          guppyfry_shop_venom

Skill      XL: |  1  2  3  4  5 |
---------------+----------------+-----
Fighting       | 1 2 |  2.6
Stealth        | 2 |  2.5
Dodging        | 2 |  2.4
Spellcasting   | 3 |  3.1
Conjurations   | |  4.9

Action                   |  1- 3 |  4- 6 || total
-------------------------+-------+-------++-------
Melee: Mace              |   107 |    45 ||   152
       Punch             |     1 |       ||     1
       Tailslap          |     8 |     5 ||    13
 Cast: Magic Dart        |     5 |     3 ||     8
       Searing Ray       |     1 |     9 ||    10
 Stab: Sleeping          |     5 |     2 ||     7
Armor: Skin              |    44 |    23 ||    67
Dodge: Dodged            |   101 |    61 ||   162
